Map: Alcyone LE

Players

LiquidMaNa (MaNa) - Winner!

  • Race: Protoss Protoss
  • League: Grandmaster
  • Spawn Location: 1:00

eonblu

  • Race: Zerg Zerg
  • Spawn Location: 7:00

Event: HomeStory Cup XXV

VOD

Have the link to the VOD?

Description

Time

  • Played on: June 21, 2024, 7:18 a.m.
  • Length: 4:52

All games in this series

Show
View Real Time Build Order
Export as new Build Order

LiquidMaNa Protoss - Winner!

Build Orders: 1 Gate Expand, Proxy Void Ray 

Get SALT Encoding   

  12  0:00  Probe  
  13  0:12  Probe  
  14  0:18  Pylon  
  14  0:24  Probe  
  15  0:36  Probe (Chrono Boost)  
  16  0:44  Gateway  
  16  0:46  Probe (Chrono Boost)  
  17  0:51  Probe (Chrono Boost)  
  17  0:53  Assimilator  
  18  1:03  Probe  
  19  1:15  Probe  
  20  1:27  Nexus  
  20  1:34  Cybernetics Core  
  20  1:38  Probe  
  21  1:45  Assimilator  
  21  1:50  Pylon  
  21  1:53  Probe  
  21  2:05  Probe  
  21  2:08  Adept (Chrono Boost)  
  24  2:17  Probe  
  24  2:20  Stargate  
  25  2:28  Adept (Chrono Boost)  
  25  2:29  Probe  
  28  2:41  Probe  
  29  2:49  Pylon  
  28  3:01  Cybernetics Core  
  28  3:10  Void Ray (Chrono Boost)  
  30  3:14  Shield Battery  
  29  3:20  Stalker  
  32  3:35  Gateway  
  32  3:46  Void Ray (Chrono Boost)  
  36  3:49  Shield Battery  
  36  3:54  Probe (Chrono Boost)  
  38  3:58  Probe (Chrono Boost)  
  38  4:01  Pylon  
  36  4:28  Pylon  
  38  4:44  Pylon  
  38  4:45  Pylon  
Show
View Real Time Build Order
Export as new Build Order

eonblu Zerg 

Build Orders: Pool First 

Get SALT Encoding   

  12  0:00  Drone  
  13  0:12  Overlord  
  13  0:17  Drone  
  14  0:31  Drone x2  
  16  0:38  Extractor  
  16  0:40  Drone  
  16  0:46  Spawning Pool  
  15  0:50  Drone  
  16  1:13  Hatchery  
  16  1:17  Drone  
  18  1:32  Zergling x4  
  18  1:37  Queen  
  20  1:45  Metabolic Boost  
  20  1:50  Drone  
  21  2:00  Overlord  
  21  2:03  Drone  
  22  2:13  Roach Warren  
  21  2:20  Overlord  
  21  2:47  Zergling x4  
  21  2:48  Zergling x2  
  23  2:58  Roach x5  
  32  3:06  Roach  
  32  3:12  Roach  
  36  3:17  Overlord  
  36  3:21  Zergling x2  
  37  3:30  Zergling x4  
  37  3:31  Zergling x2  
  40  3:38  Zergling x2  
  40  3:39  Zergling x2  
  41  3:42  Ravager  
  41  3:46  Zergling x2  
  43  3:52  Zergling x4  
  42  4:07  Zergling x8  
  41  4:17  Zergling x4  
  41  4:21  Zergling x2  
  32  4:32  Zergling x8  
Tags
 
Add a new tag
Caveats
  • Supply blocks, unpowered buildings, or Contaminate may cause inaccurate times.
  • Supply counts are checked every 10 seconds.